 Dungeon Crawl Stone Soup version 0.30-a0-883-g5ad918d77d (webtiles) character file.

Game seed: 3723839796479493674

2 dialectric the Trooper (level 1, -1/14 HPs)
             Began as a Gargoyle Fighter on Mar 16, 2023.
             Slain by a goblin
             ... wielding a +0 club
              (3 damage)
             ... on level 1 of the Dungeon.
             The game lasted 00:00:14 (58 turns).

dialectric the Trooper (Gargoyle Fighter)             Turns: 58, Time: 00:00:14

Health: -1/14      AC:  9    Str: 19    XL:     1   Next: 30%
Magic:  1/1        EV:  9    Int:  8    God:
Gold:   9          SH:  0    Dex:  9    Spells: 0/0 levels left

rFire   . . .      SeeInvis .    a - +0 flail
rCold   . . .      Faith    .    (no shield)
rNeg    + . .      Spirit   .    b - +0 scale mail
rPois   ∞          Reflect  .    (no helmet)
rElec   +          Rampage  .    (no cloak)
rCorr   .                        (no gloves)
Will    .....                    (no boots) Stlth
                                 (no amulet)
HPRegen 0.22/turn                (no ring)
MPRegen 0.07/turn                (no ring)

@: mighty
A: sickness immunity, AC +2, negative energy resistance 1, electricity
resistance, torment resistance 1, petrification resistance
a: no special abilities


You were on level 1 of the Dungeon.
You visited 1 branch of the dungeon, and saw 1 of its levels.

You collected 9 gold pieces.

Inventory:

Hand Weapons
 a - a +0 flail (weapon)
Armour
 b - a +0 scale mail (worn)
 c - a +0 buckler
Scrolls
 e - a scroll of teleportation {unknown}


   Skills:
 + Level 3.3 Fighting
 + Level 2.0 Maces & Flails
 + Level 3.3 Armour
 * Level 0.1 Dodging
 - Level 3.2 Shields


You couldn't memorise any spells.
You didn't know any spells.
Your spell library contained the following spells:

 Spells                   Type           Power      Damage    Failure   Level
 Ozocubu's Armour         Ice            0%         N/A       98%         3
 Metabolic Englaciation   Hex/Ice        0%         N/A       100%        5
 Simulacrum               Ice/Necr       0%         N/A       100%        6


Dungeon Overview and Level Annotations

Branches:
Dungeon (1/15)

Altars:


Innate Abilities, Weirdness & Mutations

You are immune to sickness and miasma.
Your stone body is resilient. (AC +2)
You are immune to poison.
You resist negative energy. (rN+)
You are resistant to electric shocks. (rElec)
You are resistant to unholy torment.
You are immune to petrification.


Message History

The hobgoblin hits you but does no damage. x2
You barely miss the giant cockroach. The giant cockroach bites you.
The hobgoblin completely misses you.
The giant cockroach completely misses you.
You closely miss the hobgoblin. The hobgoblin closely misses you.
The hobgoblin hits you but does no damage.
The giant cockroach bites you but does no damage.
You hit the hobgoblin.
The hobgoblin is almost dead.
The giant cockroach bites you. The hobgoblin closely misses you.
The goblin hits you but does no damage.
The giant cockroach completely misses you.
The hobgoblin barely misses you. The goblin hits you but does no damage.
The hobgoblin hits you. The hobgoblin attacks as you move away!
The hobgoblin hits you but does no damage.
The giant cockroach barely misses you. The hobgoblin attacks as you move away!
The hobgoblin barely misses you.
The giant cockroach bites you but does no damage.
The hobgoblin hits you. The hobgoblin closely misses you.
The giant cockroach attacks as you move away!
The giant cockroach bites you but does no damage.
The goblin hits you with a +0 club.
* * * LOW HITPOINT WARNING * * *
The giant cockroach bites you but does no damage.
You barely miss the giant cockroach.
The giant cockroach completely misses you.
You feel very mighty all of a sudden. The giant cockroach closely misses you.
You thump the giant cockroach!
You kill the giant cockroach!
You closely miss the hobgoblin.
The hobgoblin is almost dead.
The goblin hits you but does no damage. The hobgoblin hits you.
* * * LOW HITPOINT WARNING * * *
You barely miss the hobgoblin.
The hobgoblin is almost dead.
The goblin hits you with a +0 club.
You die...

#.#........ ...>...#.##
##.....$...#
#..........#
.##..........#
............$#
#.........#
####g........#
#.@gg........#
##.g##....#####
############...##..).#
##........§.....##....#
#.....≈§≈≈≈.....##.[..#
#....≈≈≈≈≈≈≈....##....#
#<...§≈§>(≈≈.....#....#
#....§≈≈§§≈§.........$#
#....§≈≈≈≈§.....#.#####


You could see 2 hobgoblins and 2 goblins.

Vanquished Creatures
  A giant cockroach (D:1)
  A goblin (D:1)
2 creatures vanquished.

Notes
Turn   | Place    | Note
-------+----------+-------------------------------------------
     0 | D:1      | dialectric the Gargoyle Fighter began the quest for the
                  | Orb.
     0 | D:1      | Reached XP level 1. HP: 14/14 MP: 1/1
    58 | D:1      | Slain by a goblin

Illustrated notes

Levels and vault maps discovered:
D:1:      lemuel_arrival_lava_pool, layout_basic

Action                     || total
---------------------------++-------
  Melee: Flail             ||    11
    Use: Potion            ||     1
 Armour: Scale mail        ||    12
  Dodge: Dodged            ||    13

Table legend: (Time is in decaauts)
 A = Elapsed time spent in this place.
 B = Non-inter-level travel time spent in this place.
 C = Inter-level travel time spent in this place.
 D = Time resting spent in this place.
 E = Time spent auto-exploring this place.
 F = Levels seen in this place.
 G = Mean time per level.
                   A        B        C        D        E       F      G
               +--------+--------+--------+--------+--------+-----+--------+
         Total |     61 |     61 |      0 |      0 |     20 |   1 |   61.0 |
       Dungeon |     61 |     61 |      0 |      0 |     20 |   1 |   61.0 |
               +--------+--------+--------+--------+--------+-----+--------+

Top non-repeatable levels by time:
     D:1: 61 daAuts
